 Dungeon Crawl Stone Soup version 0.27.1-3-gb3d3a73c9e (webtiles) character file.

Game seed: 6125058280893468513

626 Descartes the Gusty (level 7, -1/36 HPs)
             Began as a Deep Elf Wanderer on Oct 9, 2021.
             Slain by Pikel (2 damage)
             ... on level 2 of the Dungeon.
             The game lasted 00:12:52 (4959 turns).

Descartes the Gusty (Deep Elf Wanderer)             Turns: 4959, Time: 00:12:53

Health: -1/36      AC:  4    Str:  9    XL:     7   Next: 23%
Magic:  9/13       EV: 11    Int: 21    God:
Gold:   168        SH:  0    Dex: 12    Spells: 1/12 levels left

rFire    . . .     SeeInvis .   s - +1 short sword (elec)
rCold    . . .     Faith    .   (no shield)
rNeg     . . .     Spirit   .   c - +0 robe
rPois    .         Reflect  .   (no helmet)
rElec    .         Harm     .   (no cloak)
rCorr    .         Rampage  .   (no gloves)
Will     .....                  i - +1 pair of boots
Stlth    ++........             (no amulet)
HPRegen  0.12/turn              (no ring)
MPRegen  0.13/turn              (no ring)

@: no status effects
A: no striking features
a: no special abilities


You were on level 2 of the Dungeon.
You visited 1 branch of the dungeon, and saw 5 of its levels.

You collected 168 gold pieces.

Inventory:

Hand Weapons
 a - a +2 dagger
 s - a +1 short sword of electrocution (weapon)
 y - a +1 short sword of venom
Missiles
 b - a curare-tipped dart
 k - 18 arrows
 r - 22 poisoned darts (quivered)
 t - 89 stones
 C - 6 boomerangs
Armour
 c - a +0 robe (worn)
 i - a +1 pair of boots (worn)
 n - a +0 kite shield
 B - a +0 helmet
Magical Staves
 x - a staff of fire
Scrolls
 d - 2 scrolls of holy word {unknown}
 e - a scroll of magic mapping {unknown}
 l - 2 scrolls of fear {unknown}
 o - 2 scrolls of teleportation {unknown}
 u - 2 scrolls of identify {unknown}
 v - a scroll of brand weapon {unknown}
 D - a scroll of noise {unknown}
Potions
 f - a potion of flight {unknown}
 g - 4 potions of curing
 h - 2 potions of brilliance {unknown}
 j - a potion of degeneration {unknown}
 m - a potion of magic {unknown}
 p - a potion of haste {unknown}
 q - a potion of heal wounds {unknown}
 w - a potion of might {unknown}
 z - 2 potions of lignification {unknown}
 A - a potion of resistance {unknown}


   Skills:
 - Level 1.0 Throwing
 - Level 1.2 Stealth
 - Level 3.0 Spellcasting
 + Level 5.6 Conjurations
 - Level 2.1 Summonings
 - Level 1.2 Necromancy
 + Level 6.1 Air Magic
 + Level 2.2 Poison Magic


You had one spell level left.
You knew the following spells:

 Your Spells              Type           Power      Damage    Failure   Level
a - Shock                 Conj/Air       100%       1d9       1%          1
b - Mephitic Cloud        Conj/Pois/Air  22%        N/A       6%          3
c - Poisonous Vapours     Pois/Air       40%        N/A       3%          2
d - Freezing Cloud        Conj/Ice/Air   9%         6-21      58%         5

Your spell library contained the following spells:

 Spells                   Type           Power      Damage    Failure   Level
 Corpse Rot               Necr/Air       N/A        N/A       4%          2
 Passwall                 Tmut/Erth      2%         N/A       21%         2
 Wereblood                Tmut           3%         N/A       21%         2
 Animate Dead             Necr           4%         N/A       63%         4
 Haunt                    Necr/Summ      5%         N/A       100%        7
 Infestation              Necr           4%         N/A       100%        8


Dungeon Overview and Level Annotations

Branches:
Dungeon (5/15)
 Temple: D:4-7

Altars:
Dithmenos
Kikubaaqudgha
Okawaru
Sif Muna
Wu Jian
Yredelemnul

Annotations:
D:2 Pikel


Message History

Pikel says, "I touched Geryon's horn once."
Pikel closely misses you.
Casting: Shock (safe; 1% risk of failure)
Confirm with . or Enter, or press ? or * to list all spells.
Aiming: Shock (safe; 1% risk of failure)
Press: ? - help, Shift-Dir - straight line The zap hits Pikel.
Pikel is moderately wounded.
The zap hits Pikel.
Pikel is heavily wounded.
Pikel hits you with a +2 whip of flaming.
Pikel burns you.
Casting: Shock (safe; 1% risk of failure)
Confirm with . or Enter, or press ? or * to list all spells.
Aiming: Shock (safe; 1% risk of failure)
Press: ? - help, Shift-Dir - straight line The zap misses Pikel.
The zap hits Pikel.
Pikel is heavily wounded.
Pikel hits you with a +2 whip of flaming.
Pikel burns you.
Unknown command.
Casting: Shock (safe; 1% risk of failure)
Confirm with . or Enter, or press ? or * to list all spells.
Aiming: Shock (safe; 1% risk of failure)
Press: ? - help, Shift-Dir - straight line The zap misses Pikel.
The zap hits Pikel.
Pikel is heavily wounded.
Pikel hits you with a +2 whip of flaming!
* * * LOW HITPOINT WARNING * * *
Pikel burns you.
* * * LOW HITPOINT WARNING * * *
There is a stone staircase leading up here.
Pikel barely misses you.
You climb upwards.
There is a stone staircase leading down here.
There is a stone staircase leading up here.
Pikel hits you with a +2 whip of flaming.
* * * LOW HITPOINT WARNING * * *
Pikel burns you.
You die...

#######.# #.# #.#
##.## #. #.# #.#
#.###...#########.
######.###.#
#.##............#.
##...†......#
#.###.).#.....#.#.
.....##.###.## #.#
##.##.###.#.#.
.###.##.##.#.###.#
####.#....... .#
#......###....#
#.#.#.####
.###.#####.#.###.#
#.....# .....#
##.## #@# ###.###
...### #.# #K# #.#
##.## #.# #.# #.#
###.# #.# #.# #.#
##.########.# #.#
#.####
............## #.#
#....#
.#########...# #.#
####.# ## #...#
#.# #.# ##
####...###.# #.#


You could see Pikel.

Vanquished Creatures
  Grinder (D:3)
  An ogre (D:5)
  A lemure (D:3)
  A jelly (D:3)
  A centaur skeleton (D:5)
  Jessica (D:3)
  Natasha (D:2)
  Terence (D:3)
  Robin (D:3)
  8 gnolls
  2 adders (D:2)
  An adder skeleton (D:4)
  2 worms (D:2)
  3 dart slugs
  6 orcs
  4 ball pythons
  5 bats
  4 endoplasms
  3 giant cockroaches
  10 hobgoblins
  5 jackals
  A quokka (D:1)
  4 frilled lizards
  9 goblins
  7 kobolds
  6 rats
89 creatures vanquished.

Vanquished Creatures (others)
  2 plants (D:4)
2 creatures vanquished.

Grand Total: 91 creatures vanquished

Notes
Turn   | Place    | Note
-------+----------+-------------------------------------------
     0 | D:1      | Descartes the Deep Elf Wanderer began the quest for the
                  | Orb.
     0 | D:1      | Descartes set off with the following items: a +2 dagger, a
                  | curare-tipped dart, a +0 robe; and the following spell
                  | memorised: Shock; and the following spells available to
                  | memorise: Passwall, Wereblood, Mephitic Cloud
     0 | D:1      | Reached XP level 1. HP: 10/10 MP: 6/6
   340 | D:1      | Reached skill level 1 in Conjurations
   442 | D:1      | Reached XP level 2. HP: 13/15 MP: 0/8
  1063 | D:2      | Noticed Natasha
  1075 | D:2      | Reached XP level 3. HP: 19/19 MP: 5/9
  1554 | D:2      | Found a basalt altar of Yredelemnul.
  1794 | D:2      | Killed Natasha
  1795 | D:2      | Reached skill level 4 in Air Magic
  1795 | D:2      | Reached XP level 4. HP: 6/24 MP: 0/10
  2220 | D:3      | Found an iron altar of Okawaru.
  2660 | D:3      | Noticed Jessica
  2667 | D:3      | Killed Jessica
  2668 | D:3      | Reached XP level 5. HP: 23/28 MP: 5/11
  2878 | D:3      | Noticed Terence
  2885 | D:3      | Killed Terence
  2940 | D:3      | Found an ancient bone altar of Kikubaaqudgha.
  2941 | D:3      | Noticed Grinder
  2946 | D:3      | Paralysed by Grinder for 4 turns
  2959 | D:3      | Paralysed by Grinder for 3 turns
  2991 | D:3      | Killed Grinder
  2992 | D:3      | Reached skill level 5 in Air Magic
  2992 | D:3      | Reached XP level 6. HP: 25/32 MP: 0/12
  2996 | D:3      | Learned a level 3 spell: Mephitic Cloud
  3176 | D:3      | Found a faded altar of an unknown god.
  3176 | D:3      | Noticed a ynoxinul
  3277 | D:3      | Noticed Robin
  3282 | D:3      | Killed Robin
  3283 | D:3      | Reached skill level 5 in Conjurations
  3894 | D:3      | Reached skill level 1 in Poison Magic
  4083 | D:4      | Found a shadowy altar of Dithmenos.
  4460 | D:5      | Entered Level 5 of the Dungeon
  4530 | D:5      | Found a shimmering blue altar of Sif Muna.
  4603 | D:5      | Reached skill level 6 in Air Magic
  4603 | D:5      | Reached XP level 7. HP: 36/36 MP: 6/13
  4775 | D:3      | Learned a level 2 spell: Poisonous Vapours
  4781 | D:3      | Learned a level 5 spell: Freezing Cloud
  4881 | D:4      | Found an ornate altar of the Wu Jian Council.
  4902 | D:4      | Noticed Pikel
  4959 | D:2      | HP: 1/36 [Pikel (5)]
  4959 | D:2      | Slain by Pikel

Illustrated notes

Levels and vault maps discovered:
D:1:      matt_arrival_refuge, layout_rooms, columned_hall_lemuel
D:2:      layout_loops_ring, basic_altar, uniq_natasha
D:3:      kennysheep_six_static_rooms, layout_basic, okawaru_gym_becter,
          mainiacjoe_overflow_catwalk, serial_curves, eino_curves_03,
          eino_curves_02, dreamdust_ecumenical_altar_sealed_demon,
          grunt_decor_arrowhead, corexii_hall_statues_i, minmay_between,
          uniq_robin, uniq_terence, uniq_grinder, uniq_jessica
D:4:      layout_basic, nicolae_dithmenos_shadow_blocks,
          mainiacjoe_overflow_chevrons, grunt_ashenzari_visionary
          [grunt_ashenzari_visionary_shoals, grunt_ashenzari_visionary_snake],
          serial_bayou, serial_bayou_ford_a, serial_bayou_pond_e,
          serial_bayou_shore_b, serial_bayou_pond_c, uniq_pikel
D:5:      layout_basic, nicolae_gozag_conspicuous_consumption,
          mainiacjoe_overflow_surrounded_room, lemuel_blue_sif_altar,
          old_standard_altar, minmay_temple_entry_glassed_door,
          gammafunk_ghost_grave, uniq_duvessa, uniq_sigmund

Skill      XL: |  1  2  3  4  5  6 |
---------------+-------------------+-----
Conjurations   | 1 2 3 4 5 |  5.6
Air Magic      | 4 5 6 |  6.1
Poison Magic   | 2 |  2.2
Throwing       | |  1.0
Stealth        | |  1.2
Spellcasting   | |  3.0
Summonings     | |  2.1
Necromancy     | |  1.2

Action                   |  1- 3 |  4- 6 |  7- 9 || total
-------------------------+-------+-------+-------++-------
Melee: Dagger            |     1 |       |       ||     1
       Short sword       |     1 |     5 |     2 ||     8
Throw: Dart              |     2 |     3 |       ||     5
 Cast: Shock             |    83 |   128 |    24 ||   235
       Poisonous Vapours |       |       |     2 ||     2
       Mephitic Cloud    |       |       |     1 ||     1
Armor: Robe              |     5 |       |     6 ||    11
Dodge: Dodged            |    10 |     7 |    11 ||    28
